 Dungeon Crawl Stone Soup version 0.32-a0-128-g77eb882913 (webtiles) character file.

Game seed: 10287671043461896578

1227 jasper the Basher (level 8, -3/87 HPs)
             Began as an Oni Gladiator on Feb 7, 2024.
             Was an Initiate of Okawaru.
             Slain by an orc warrior
             ... wielding a +3 war axe of freezing
              (9 damage)
             ... on level 6 of the Dungeon.
             The game lasted 00:08:56 (6078 turns).

jasper the Basher (Oni Gladiator)                   Turns: 6078, Time: 00:08:56

Health: -3/87      AC:  4    Str: 19    XL:     8   Next: 48%
Magic:  8/8        EV: 10    Int: 11    God:    Okawaru [......]
Gold:   312        SH:  5    Dex: 10    Spells: 7/7 levels left

rFire   . . .        a - +1 flail
rCold   + . .        (no shield)
rNeg    . . .        b - +0 robe
rPois   .            c - +1 hat
rElec   .            (no cloak)
rCorr   .            (gloves unavailable)
SInv    .            (boots unavailable)
Will    .....        l - amulet of reflection
Stlth   +            f - ring of protection from cold
HPRegen 0.34/turn    q - ring of flight
MPRegen 0.11/turn

%: reflection
@: flying
A: large, unfitting armour, horns 1, tough skin 1, double potion healing,
drunken brawling
a: Renounce Religion


You were on level 6 of the Dungeon.
You worshipped Okawaru.
Okawaru was noncommittal.
You visited 2 branches of the dungeon, and saw 7 of its levels.

You collected 312 gold pieces.

Inventory:

Hand Weapons
 a - a +1 flail (weapon)
Missiles
 d - 2 throwing nets
 e - a dart of dispersal
 h - a large rock
 t - 5 stones
Armour
 b - a +0 robe (worn)
 c - a +1 hat (worn)
Jewellery
 f - a ring of protection from cold (left hand)
 l - an amulet of reflection (around neck)
 o - an amulet of the acrobat
 q - a ring of flight (right hand)
Scrolls
 p - a scroll of vulnerability
 s - a scroll of fear
Potions
 g - 2 potions of mutation
 i - 2 potions of degeneration
 j - a potion of heal wounds
 k - 3 potions of enlightenment
 m - a potion of curing
 n - 2 potions of brilliance


   Skills:
 + Level 7.5 Fighting
 + Level 8.9 Maces & Flails
 - Level 2.0 Throwing
 - Level 2.6 Dodging


You had 7 spell levels left.
You didn't know any spells.
Your spell library contained the following spells:

 Spells                   Type           Power      Damage    Failure   Level
 Freeze                   Ice            0%         1d3       34%         1
 Kiss of Death            Conj/Necr      0%         2d5       34%         1
 Blink                    Tloc           0%         N/A       47%         2
 Ensorcelled Hibernation  Hex/Ice        0%         N/A       47%         2
 Lesser Beckoning         Tloc           0%         N/A       47%         2
 Momentum Strike          Conj/Tloc      0%         3d8       47%         2
 Confusing Touch          Hex            0%         N/A       71%         3
 Frozen Ramparts          Ice            0%         1d1       71%         3
 Fugue of the Fallen      Necr           0%         N/A       71%         3
 Hailstorm                Conj/Ice       0%         3d5       71%         3
 Inner Flame              Hex/Fire       0%         N/A       71%         3
 Anguish                  Hex/Necr       0%         N/A       98%         4
 Dispel Undead            Necr           0%         3d6       98%         4
 Flame Wave               Conj/Fire      0%         2d4       98%         4
 Sticky Flame             Fire/Alch      0%         2d4       98%         4


Dungeon Overview and Level Annotations

Branches:
Dungeon (6/15)             Temple (1/1) D:6

Altars:
Ashenzari
Cheibriados
Dithmenos
Hepliaklqana
Kikubaaqudgha
Makhleb
Nemelex Xobeh
Okawaru
Qazlal
Ru
Trog
Uskayaw
Vehumet
Wu Jian
Yredelemnul
Zin
The Shining One

Annotations:
D:3 1 runed translucent door, pokeman's ghost, amateur DEHW


Innate Abilities, Weirdness & Mutations

You are too large for most types of armour.
You have a pair of small horns on your head.
You have tough skin. (AC +1)
You gain doubled healing and magic from potions.
Whenever you drink a healing potion, you attack all around you.


Message History

You take 15 damage, and have 64/87 hp.
You sock the orc warrior!
You headbutt the orc warrior, but do no damage.
The orc warrior is moderately wounded.
The orc warrior misses you.
You hit the orc warrior.
You headbutt the orc warrior, but do no damage.
The orc warrior is moderately wounded.
You block the orc warrior's attack.
You barely miss the orc warrior.
The orc warrior is moderately wounded.
The orc warrior hits you with a +3 war axe of freezing!
The orc warrior freezes you.
You take 8 damage, and have 57/87 hp.
You hit the orc warrior. Your headbutt misses the orc warrior.
You punch the orc warrior, but do no damage.
The orc warrior is heavily wounded.
The orc warrior hits you with a +3 war axe of freezing!
You take 14 damage, and have 43/87 hp.
You hit the orc warrior but do no damage.
The orc warrior is heavily wounded.
The orc warrior hits you with a +3 war axe of freezing!
The orc warrior freezes you.
You take 15 damage, and have 28/87 hp.
You sock the orc warrior!
The orc warrior is almost dead.
The orc warrior hits you with a +3 war axe of freezing.
* * * LOW HITPOINT WARNING * * *
The orc warrior freezes you.
* * * LOW HITPOINT WARNING * * *
You take 7 damage, and have 21/87 hp.
You closely miss the orc warrior.
The orc warrior is almost dead.
The orc warrior hits you with a +3 war axe of freezing!
* * * LOW HITPOINT WARNING * * *
You take 15 damage, and have 6/87 hp.
You closely miss the orc warrior. You punch the orc warrior.
The orc warrior is almost dead.
The orc warrior hits you with a +3 war axe of freezing!
You die...

.......##.....##........###..
........##...##..##.....# #.#
#....#...#..###.....# #.#
##.#.......####.....# #..
#.###.......##...### ### #.
#PP....PP...## ..
#.#PP#..#.P##≈ #
#####≈≈≈≈≈≈≈≈≈≈≈≈≈
####...o@.)........
......≈≈≈≈≈≈≈≈≈≈≈≈≈
.......#.(#PP#.P##≈
......P..(PP..P.#
......##.##.##..# ######
#.##....## #....#### ######


You could see an orc warrior.

Vanquished Creatures
  Duvessa (D:4)
  An ice beast (D:5)
  5 scorpions
  Dowan (D:4)
  An electric eel (D:6)
  A bombardier beetle (D:3)
  3 jellies
  A gnoll bouda (D:5)
  A sleepcap (D:5)
  4 iguanas
  Natasha (thrice) (D:3)
  3 orc wizards (D:4)
  5 adders
  7 gnolls
  A shadow imp (D:5)
  A ribbon worm (D:3)
  2 dart slugs
  5 orcs
  10 ball pythons
  5 endoplasms
  4 giant cockroaches
  2 goblins
  9 hobgoblins
  9 jackals
  10 kobolds
  3 quokkas
  7 bats
  3 frilled lizards (D:1)
  3 goblin skeletons (D:5)
  2 goblin zombies (D:5)
  2 hobgoblin zombies (D:5)
  2 kobold skeletons (D:5)
  A kobold zombie (D:5)
  An orc skeleton (D:5)
  7 rats
126 creatures vanquished.

Notes
Turn   | Place    | Note
-------+----------+-------------------------------------------
     0 | D:1      | jasper the Oni Gladiator began the quest for the Orb.
     0 | D:1      | Reached XP level 1. HP: 22/22 MP: 1/1
   145 | D:1      | Reached XP level 2. HP: 29/29 MP: 2/2
   283 | D:1      | Reached skill level 4 in Maces & Flails
   342 | D:1      | Found a faded altar of an unknown god.
   547 | D:1      | Reached XP level 3. HP: 36/36 MP: 3/3
   896 | D:2      | Found a stormy altar of Qazlal.
   921 | D:2      | Reached XP level 4. HP: 26/44 MP: 4/4
   926 | D:2      | Reached skill level 5 in Maces & Flails
  1751 | D:3      | Noticed Natasha
  1762 | D:3      | Killed Natasha
  1763 | D:3      | Reached XP level 5. HP: 23/50 MP: 5/5
  1890 | D:3      | Noticed Natasha
  1897 | D:3      | Killed Natasha
  1898 | D:3      | Reached skill level 6 in Maces & Flails
  1946 | D:3      | Found a runed translucent door.
  2056 | D:3      | Noticed pokeman's ghost (amateur DEHW)
  2062 | D:3      | Noticed Natasha
  2067 | D:3      | Killed Natasha
  2724 | D:4      | Reached XP level 6. HP: 47/59 MP: 6/6
  2886 | D:4      | Reached skill level 7 in Maces & Flails
  2922 | D:4      | Noticed Duvessa
  2923 | D:4      | Noticed Dowan
  2945 | D:4      | Killed Duvessa
  2955 | D:4      | Killed Dowan
  2956 | D:4      | Reached XP level 7. HP: 22/70 MP: 7/7
  3652 | D:4      | Reached skill level 5 in Fighting
  4479 | D:5      | Entered Level 5 of the Dungeon
  4568 | D:5      | Found a glowing golden altar of the Shining One.
  4596 | D:5      | Reached skill level 8 in Maces & Flails
  4812 | D:5      | Reached XP level 8. HP: 41/83 MP: 8/8
  5291 | D:5      | Found an ornate altar of the Wu Jian Council.
  5640 | D:6      | Found a staircase to the Ecumenical Temple.
  5654 | Temple   | Entered the Ecumenical Temple
  5681 | Temple   | Became a worshipper of Warmaster Okawaru
  6078 | D:6      | Slain by an orc warrior

Illustrated notes

Levels and vault maps discovered:
D:1:      saegor_arrival_simple_c, layout_loops_ring,
          hellmonk_ecumenical_altar_leap_of_faith, serial_park_tiny_1
D:2:      layout_basic, basic_altar
D:3:      layout_loops_cross, ebering_ghost_sewer_d, serial_bayou_lagoon_a,
          uniq_natasha
D:4:      layout_layer_cave, nicolae_figureground_sparkle, uniq_duvessa
D:5:      layout_rooms, nicolae_tso_besieged_by_evil,
          nicolae_wu_jian_immortal_techniques, kennysheep_generic_room_12
D:6:      layout_basic, nicolae_elyvilon_temple_path, minmay_temple_entry_waves,
          minmay_misc_feat_hallway
Temple:   regret_index_temple_generic_petals

Skill      XL: |  1  2  3  4  5  6  7  8 |
---------------+-------------------------+-----
Maces & Flails | 4 5 6 7 8 |  8.9
Fighting       | 4 6 7 |  7.5
Throwing       | |  2.0
Dodging        | |  2.6

Action                     |  1- 3 |  4- 6 |  7- 9 || total
---------------------------+-------+-------+-------++-------
  Melee: Flail             |    87 |    92 |   175 ||   354
         Headbutt          |    10 |    19 |    42 ||    71
         Punch             |     1 |     3 |    13 ||    17
  Throw: Stone             |     8 |    19 |    21 ||    48
         Boomerang         |       |    16 |       ||    16
         Large rock        |       |     2 |     2 ||     4
         Throwing net      |       |     2 |       ||     2
         Dart              |       |     1 |    43 ||    44
    Use: Scroll            |     2 |     8 |     5 ||    15
         Potion            |       |       |     1 ||     1
   Stab: Sleeping          |     2 |       |       ||     2
         Held in net/web   |       |     2 |       ||     2
 Armour: Robe              |    53 |    59 |   114 ||   226
  Dodge: Dodged            |    43 |    57 |    77 ||   177
  Block: Other             |       |     9 |    31 ||    40

Table legend: (Time is in decaauts)
 A = Elapsed time spent in this place.
 B = Non-inter-level travel time spent in this place.
 C = Inter-level travel time spent in this place.
 D = Time resting spent in this place.
 E = Time spent auto-exploring this place.
 F = Levels seen in this place.
 G = Mean time per level.
                   A        B        C        D        E       F      G
               +--------+--------+--------+--------+--------+-----+--------+
         Total |   6113 |   5926 |    187 |    481 |   4414 |   7 |  873.3 |
       Dungeon |   6058 |   5923 |    135 |    481 |   4414 |   6 | 1009.7 |
        Temple |     54 |      2 |     52 |      0 |      0 |   1 |   54.0 |
               +--------+--------+--------+--------+--------+-----+--------+

Top non-repeatable levels by time:
     D:4: 1764 daAuts
     D:5: 1090 daAuts
     D:3: 979 daAuts
     D:2: 930 daAuts
     D:1: 844 daAuts
     D:6: 449 daAuts
  Temple: 54 daAuts
